 Dungeon Crawl Stone Soup version 0.25.1-2-g60ff931df9 (webtiles) character file.

Game seed: 11763550779522921083

63 Ch1lls the Chopper (level 4, -1/41 HPs)
             Began as a Hill Orc Berserker on Aug 3, 2020.
             Was a Believer of Trog.
             Killed from afar by Sigmund (8 damage)
             ... with a magic dart
             ... on level 2 of the Dungeon.
             The game lasted 00:07:39 (1438 turns).

Ch1lls the Chopper (Hill Orc Berserker)             Turns: 1438, Time: 00:07:40

Health: -1/41      AC: 11    Str: 20    XL:     4   Next: 9%
Magic:  4/4        EV:  6    Int:  7    God:    Trog [**....]
Gold:   192        SH:  0    Dex: 10    Spells: 3/3 levels left

rFire    . . .     SeeInvis .   a - +0 hand axe
rCold    . . .     Gourm    .   (no shield)
rNeg     . . .     Faith    .   p - +0 plate armour
rPois    .         Spirit   .   (no helmet)
rElec    .         Reflect  .   (no cloak)
rCorr    .         Harm     .   (no gloves)
MR       .....                  (no boots)
Stlth    ..........             (no amulet)
HPRegen  0.13/turn              (no ring)
MPRegen  0.09/turn              (no ring)

@: no status effects
A: no striking features
a: Berserk, Trog's Hand, Renounce Religion


You were on level 2 of the Dungeon.
You worshipped Trog.
Trog was pleased with you.
You were hungry.

You visited 1 branch of the dungeon, and saw 2 of its levels.

You collected 192 gold pieces.

Inventory:

Hand Weapons
 a - a +0 hand axe (weapon)
Missiles
 o - 25 stones (quivered)
Armour
 b - a +0 animal skin
 h - a +0 ring mail
 p - a +0 plate armour (worn)
Jewellery
 e - a cursed ring of teleportation {unknown}
 n - a cursed amulet of inaccuracy {unknown}
Scrolls
 i - 2 scrolls of teleportation {unknown}
 k - a scroll of remove curse {unknown}
 l - 2 scrolls of fog {unknown}
Potions
 f - a potion of heal wounds {unknown}
 g - a potion of mutation {unknown}
 j - a potion of curing {unknown}
 m - a potion of degeneration {unknown}
Comestibles
 c - 8 rations
 d - a chunk of flesh


   Skills:
 + Level 4.4 Fighting
 + Level 5.1 Axes
 + Level 2.6 Armour
 + Level 1.9 Dodging
 + Level 0.1 Stealth


You had 3 spell levels left.
You didn't know any spells.
Your spell library was empty.

Dungeon Overview and Level Annotations

Branches:
Dungeon (2/15)

Altars:
Nemelex Xobeh

Annotations:
D:2 Sigmund


Message History

You closely miss something. You hit something.
Something hits you but does no damage.
You closely miss something. Something hits you.
You slash something! You hit something.
You hear a zap.
A puff of flame appears from out of thin air!
The puff of flame hits you.
Your plate armour prevents you from hitting something.
Something hits you!
* * * LOW HITPOINT WARNING * * *
Your plate armour prevents you from hitting something.
Something hits you but does no damage.
You hit something. You closely miss something.
Something hits you but does no damage.
You miss something.
You hear some strange, mumbled words.
A magic dart appears from out of thin air!
The magic dart hits you!
You die...

#.......##+#... #......##..
#................##......###.
#................##.....)#...
#................##......÷..#
#.......##.#.....##......÷..#
#.......##.#.....###........#
#..........#......#..........
..#.......#.........#..⌠.⌠.....
...............@{....#..._......
......................#..⌠.⌠##...
..............#########....###...
.........#....# #...## #...
.##......#....# #... #...
#......#....# #### ###.
#......#....# #. #.######....# ##


There were no monsters in sight!

Vanquished Creatures
  2 adders (D:2)
  An ooze (D:1)
  A worm (D:2)
  A dart slug (D:2)
  5 bats (D:1)
  3 giant cockroaches
  2 goblins
  5 hobgoblins
  4 jackals (D:2)
  3 quokkas (D:2)
  3 frilled lizards (D:2)
  3 rats
33 creatures vanquished.

Notes
Turn   | Place    | Note
-------+----------+-------------------------------------------
     0 | D:1      | Ch1lls the Hill Orc Berserker began the quest for the Orb.
     0 | D:1      | Reached XP level 1. HP: 19/19 MP: 1/1
   271 | D:1      | Reached XP level 2. HP: 22/27 MP: 2/2
   872 | D:2      | Reached XP level 3. HP: 30/33 MP: 3/3
  1108 | D:2      | Reached ** piety under Trog
  1160 | D:2      | Found a sparkling altar of Nemelex Xobeh.
  1171 | D:2      | Reached skill level 5 in Axes
  1199 | D:2      | Reached XP level 4. HP: 17/41 MP: 4/4
  1423 | D:2      | Noticed Sigmund
  1438 | D:2      | Killed from afar by Sigmund

Illustrated notes

Levels and vault maps discovered:
D:1:      evilmike_arrival_come_back, layout_loops_ring
D:2:      layout_basic, nemelex_xobeh_ov_fountains_minmay, item_on_display_a,
          uniq_sigmund

Skill      XL: |  1  2  3 |
---------------+----------+-----
Fighting       | 4 |  4.4
Axes           | 5 |  5.1
Armour         | |  2.6
Dodging        | |  1.9
Stealth        | |  0.1

Action                   |  1- 3 |  4- 6 || total
-------------------------+-------+-------++-------
Melee: Hand axe          |   131 |    21 ||   152
Throw: Stone             |       |     1 ||     1
 Stab: Sleeping          |     1 |       ||     1
  Eat: Chunk             |     1 |       ||     1
Armor: Animal skin       |    20 |       ||    20
       Ring mail         |    15 |     1 ||    16
       Plate armour      |       |     4 ||     4
Dodge: Dodged            |    99 |     4 ||   103
